 Dungeon Crawl Stone Soup version 0.27-a0-650-g8dd3ea4f36 (webtiles) character file.

Game seed: 2917758564764666320

108 sahdkjhfkaj the Skirmisher (level 4, 0/36 HPs)
             Began as a Demonspawn Fighter on Mar 16, 2021.
             Was an Initiate of Cheibriados.
             Killed by divine providence
             ... invoked by an orc priest
              (10 damage)
             ... on level 3 of the Dungeon.
             The game lasted 00:02:49 (3708 turns).

sahdkjhfkaj the Skirmisher (Demonspawn Fighter)     Turns: 3708, Time: 00:02:49

Health: 0/36       AC: 12    Str: 18    XL:     4   Next: 58%
Magic:  4/4        EV:  3    Int: 11    God:    Cheibriados [......]
Gold:   164        SH:  9    Dex: 13    Spells: 3/3 levels left

rFire    . . .     SeeInvis .   n - +1 dagger (venom)
rCold    . . .     Faith    .   b - +0 kite shield
rNeg     . . .     Spirit   .   a - +0 plate armour
rPois    .         Reflect  .   (no helmet)
rElec    .         Harm     .   (no cloak)
rCorr    .         Rampage  .   j - +0 pair of gloves
Will     .....                  (no boots)
Stlth    ..........             (no amulet)
HPRegen  0.12/turn              (no ring)
MPRegen  0.09/turn              (no ring)

@: very slow
A: claws 2, powered by pain 1
a: Renounce Religion, Bend Time


You were on level 3 of the Dungeon.
You worshipped Cheibriados.
Cheibriados was noncommittal.
You visited 1 branch of the dungeon, and saw 3 of its levels.

You collected 164 gold pieces.

Inventory:

Hand Weapons
 g - a +2 dagger of draining
 n - a +1 dagger of venom (weapon)
Armour
 a - a +0 plate armour (worn)
 b - a +0 kite shield (worn)
 j - a +0 pair of gloves (worn)
Scrolls
 k - 2 scrolls of teleportation
 m - 3 scrolls of immolation
 p - a scroll of fog
Potions
 c - a potion of might
 d - a potion of ambrosia {unknown}
 f - 2 potions of haste {unknown}
 h - a potion of curing {unknown}
 i - a potion of resistance {unknown}
 l - a potion of attraction {unknown}
 o - a potion of cancellation {unknown}
 q - a potion of magic {unknown}


   Skills:
 + Level 3.6 Fighting
 - Level 3.0 Armour
 - Level 3.0 Shields
 + Level 3.5 Unarmed Combat


You had 3 spell levels left.
You didn't know any spells.
Your spell library was empty.

Dungeon Overview and Level Annotations

Branches:
Dungeon (3/15)

Altars:
Cheibriados
Ru


Innate Abilities, Weirdness & Mutations

You have very sharp fingernails.
You sometimes gain a little power by taking damage.


Message History

Done exploring.
Done exploring.
Done exploring.
Done exploring.
Level map cleared.
You see here a +0 club.
An orc warrior is nearby!
An orc warrior is nearby!
An orc warrior is nearby!
An orc warrior is nearby!
What are your orders? t - Shout!
Orders for allies: a - Attack new target. r - Retreat! s - Stop attacking. g - Guard the area. f - Follow me.
Anything else - Cancel.
You shout for attention!
The orc priest mumbles some strange prayers to Beogh against you.
Pain shoots through your body!
You start resting.
An orc priest is nearby!
You hit the orc priest but do no damage.
The orc priest is poisoned.
You block the orc priest's attack.
You hit the orc warrior but do no damage.
The orc warrior is poisoned.
You hit the orc warrior but do no damage.
The orc warrior looks as sick as possible!
The orc warrior is lightly wounded.
The orc warrior hits you with a +0 mace!
The orc priest mumbles some strange prayers to Beogh against you.
Pain shoots through your body!
* * * LOW HITPOINT WARNING * * *
The orc warrior barely misses you.
Unknown command.
You hit the orc priest but do no damage.
The orc priest looks even sicker.
The orc priest is lightly wounded.
The orc priest invokes the aid of Beogh against you.
Beogh smites you!
You die...

#..###.#.#****,,,,,,,,,**,**,,
####......#.########,**'****,**)[
......###.#........#,#*,,,,,,,),*
...................#.#*,,***,*,**
......###.#........#.##,,***,*,**
.......................,,,,,,,,,,
......#####........#..,,,,,,,,,,,
#####.# #.....o..#***,,,,,,,,*,
.....)#####+####@### *,,*,(,,,',
###.............o.# *,,*,,**,*,
#.....#.#.#.#.#.# *,,,,,,,,*,
#.....#,*,#,#.#.#****,**,,**,**
###.....#,*,*,#.#..,,,,,,,,,**,**
........#,*,*,#.#...,,,,,,,,,,,,,
###.....#,*,*,#.#.)..,,,,,,,**,**
# #........,,,........,,,,,,**,**
# #######..'*,..##.....,,,,,,,,,,


You could see an orc warrior (very poisoned) and an orc priest (very poisoned).

Vanquished Creatures
  An orc priest (D:3)
  A worm (D:3)
  A dart slug (D:1)
  5 leopard geckos
  4 orcs (D:3)
  3 ball pythons
  8 bats
  3 giant cockroaches
  3 goblins (D:2)
  6 hobgoblins
  8 jackals
  6 kobolds
  A quokka (D:2)
  6 frilled lizards
  4 rats
60 creatures vanquished.

Notes
Turn   | Place    | Note
-------+----------+-------------------------------------------
     0 | D:1      | sahdkjhfkaj the Demonspawn Fighter began the quest for the
                  | Orb.
     0 | D:1      | Reached XP level 1. HP: 18/18 MP: 1/1
   378 | D:1      | Gained mutation: You have sharp fingernails. [demonic
                  | ancestry]
   378 | D:1      | Reached XP level 2. HP: 24/24 MP: 2/2
   795 | D:1      | Gained mutation: You sometimes gain a little power by
                  | taking damage. [demonic ancestry]
   795 | D:1      | Reached XP level 3. HP: 29/29 MP: 3/3
  1577 | D:2      | Found a sacrificial altar of Ru.
  2575 | D:3      | Gained mutation: You have very sharp fingernails. [demonic
                  | ancestry]
  2575 | D:3      | Reached XP level 4. HP: 35/35 MP: 4/4
  2826 | D:3      | Found a snail-covered altar of Cheibriados.
  2918 | D:3      | Became a worshipper of Cheibriados the Contemplative
  3221 | D:3      | Noticed an orc warrior
  3708 | D:3      | Killed from afar by an orc priest

Illustrated notes

Levels and vault maps discovered:
D:1:      minmay_arrival_four_houses, layout_basic
D:2:      layout_loops_corners, lemuel_doored_altar
D:3:      layout_basic, cheibriados_altar_1, minmay_misc_feat_rows

Skill      XL: |  1  2  3 |
---------------+----------+-----
Unarmed Combat | 2 3 |  3.5
Armour         | 3 |  3.0
Shields        | 3 |  3.0
Fighting       | |  3.6

Action                   |  1- 3 |  4- 6 || total
-------------------------+-------+-------++-------
Melee: Unarmed           |    38 |       ||    38
       Dagger            |   135 |    27 ||   162
  Use: Scroll            |     4 |     2 ||     6
Armor: Scale mail        |   120 |       ||   120
       Chain mail        |     3 |       ||     3
       Plate armour      |       |    10 ||    10
Dodge: Dodged            |    45 |     2 ||    47
Block: Kite shield       |   104 |     9 ||   113

Table legend: (Time is in decaauts)
 A = Elapsed time spent in this place.
 B = Non-inter-level travel time spent in this place.
 C = Inter-level travel time spent in this place.
 D = Time resting spent in this place.
 E = Time spent auto-exploring this place.
 F = Levels seen in this place.
 G = Mean time per level.
                   A        B        C        D        E       F      G
               +--------+--------+--------+--------+--------+-----+--------+
         Total |   3897 |   3811 |     86 |      7 |   3312 |   3 | 1299.0 |
       Dungeon |   3897 |   3811 |     86 |      7 |   3312 |   3 | 1299.0 |
               +--------+--------+--------+--------+--------+-----+--------+

Top non-repeatable levels by time:
     D:3: 1685 daAuts
     D:1: 1159 daAuts
     D:2: 1052 daAuts
